General information
			
			
        
        - name: BNet
 
        - type: Ladder team game (AT/RT)
 
        - host: Battle.net
 
        - saver: joeundhorse.de
 
        
map: Highperch 
        - players: 6
 
        - length: 107:51
 
        - speed: Fast
 - version: 1.22 W3XP
 - replay type:  Public
 
» download(519 KB)
Players
        team 1 (winner) 
              
              
Huntling (
yellow | 70 APM | 7526 actions | 107:50)
              
 11 Beastmaster 
 3 Summon Quilbeast
 3 Summon Hawk
 2 Stampede
 3 Summon Bear
 
                » actions 
                
                | Assign group hotkey | 228 |  | 
| Basic commands | 245 |  | 
| Build / train | 106 |  | 
| Enter build submenu | 30 |  | 
| Enter hero's abilities submenu | 14 |  | 
| Give item / drop item | 4 |  | 
| Remove unit from queue | 25 |  | 
| Right click | 4691 |  | 
| Select / deselect | 1076 |  | 
| Select group hotkey | 720 |  | 
| Use ability | 387 |  | 
                7526 total
 » units 
                
                | Wisp | 22 |  | 
| Druid of the Talon | 5 |  | 
                27 total
 » upgrades
                
                | Druid of the Talon Training | 2 |  | 
| Well Spring | 1 |  | 
| Mark of the Talon | 1 |  | 
| Strength of the Wild | 3 |  | 
| Reinforced Hides | 3 |  | 
| Ultravision | 1 |  | 
                11 total
 » buildings
                
                | Moon Well | 16 |  | 
| Altar of Elders | 1 |  | 
| Tree of Ages | 3 |  | 
| Tree of Eternity | 1 |  | 
| Ancient of Wind | 2 |  | 
| Tree of Life | 1 |  | 
| Hunter's Hall | 2 |  | 
| Ancient of Wonders | 1 |  | 
                27 total
 » build order
                00:05 Moon Well
00:30 Altar of Elders
01:59 Moon Well
02:27 Moon Well
02:36 Moon Well
03:22 Tree of Ages
03:31 Moon Well
03:33 Moon Well
03:55 Moon Well
04:30 Moon Well
04:42 Moon Well
05:18 Moon Well
05:47 Moon Well
05:56 Tree of Eternity
05:59 Ancient of Wind
08:00 Tree of Life
08:05 Ancient of Wind
08:22 Moon Well
08:28 Hunter's Hall
08:32 Hunter's Hall
09:24 Moon Well
10:21 Moon Well
30:31 Moon Well
51:39 Moon Well
62:01 Ancient of Wonders
62:21 Tree of Ages
» items
                
                | Boots of Speed | 1 |  | 
| Potion of Lesser Invulnerability | 4 |  | 
| Staff of Teleportation | 1 |  | 
| Tiny Great Hall | 1 |  | 
| Potion of Mana | 3 |  | 
| Potion of Healing | 1 |  | 
| Tome of Retraining | 2 |  | 
| Scroll of Town Portal | 1 |  | 
                14 total
  
               
              
              
joeundhorse.de (
red | 36 APM | 3883 actions | 107:51)
              
 8 Blademaster 
 3 Wind Walk
 3 Critical Strike
 1 Bladestorm
 1 Mirror Image
 
                » actions 
                
                | Assign group hotkey | 90 |  | 
| Basic commands | 99 |  | 
| Build / train | 66 |  | 
| Enter build submenu | 44 |  | 
| Enter hero's abilities submenu | 8 |  | 
| Give item / drop item | 5 |  | 
| Remove unit from queue | 3 |  | 
| Right click | 2496 |  | 
| Select / deselect | 722 |  | 
| Select group hotkey | 47 |  | 
| Use ability | 303 |  | 
                3883 total
 » units 
                
                | Peon | 14 |  | 
| Troll Batrider | 13 |  | 
| Spirit Walker | 1 |  | 
| Troll Witch Doctor | 1 |  | 
                29 total
 » upgrades
                
                | Reinforced Defenses | 1 |  | 
| Ranged Weapons | 3 |  | 
| Liquid Fire | 1 |  | 
                5 total
 » buildings
                
                | Altar of Storms | 2 |  | 
| Orc Burrow | 11 |  | 
| War Mill | 1 |  | 
| Watch Tower | 21 |  | 
| Stronghold | 1 |  | 
| Fortress | 1 |  | 
| Voodoo Lounge | 2 |  | 
| Beastiary | 3 |  | 
| Spirit Lodge | 1 |  | 
                43 total
 » build order
                00:06 Altar of Storms
00:19 Orc Burrow
00:41 War Mill
01:55 Watch Tower
02:08 Watch Tower
02:44 Stronghold
02:58 Watch Tower
03:01 Watch Tower
03:28 Watch Tower
03:29 Watch Tower
04:25 Watch Tower
04:27 Watch Tower
04:45 Watch Tower
04:46 Watch Tower
05:29 Fortress
05:54 Watch Tower
08:05 Watch Tower
08:05 Watch Tower
08:06 Watch Tower
08:07 Watch Tower
08:27 Voodoo Lounge
08:42 Beastiary
08:50 Orc Burrow
08:53 Orc Burrow
09:59 Watch Tower
10:02 Watch Tower
10:56 Watch Tower
11:00 Watch Tower
11:20 Watch Tower
11:49 Orc Burrow
12:37 Beastiary
13:21 Voodoo Lounge
13:48 Orc Burrow
14:58 Beastiary
15:01 Spirit Lodge
15:33 Watch Tower
21:53 Orc Burrow
67:34 Orc Burrow
67:57 Altar of Storms
68:11 Orc Burrow
69:22 Orc Burrow
69:49 Orc Burrow
71:46 Orc Burrow
» items
                
                | Boots of Speed | 1 |  | 
| Staff of Teleportation | 1 |  | 
| Scroll of Regeneration | 1 |  | 
| Lesser Clarity Potion | 2 |  | 
| Orb of Lightning | 1 |  | 
| Healing Salve | 1 |  | 
| Scroll of Town Portal | 3 |  | 
| Potion of Lesser Invulnerability | 3 |  | 
| Potion of Mana | 4 |  | 
                17 total
  
               
              
              
RiemannsSum (
blue | 73 APM | 7914 actions | 107:50)
              
 8 Goblin Alchemist 
 3 Chemical Rage
 3 Acid Bomb
 1 Transmute
 1 Healing Spray
 
                » actions 
                
                | Assign group hotkey | 267 |  | 
| Basic commands | 240 |  | 
| Build / train | 143 |  | 
| ESC pressed | 10 |  | 
| Enter build submenu | 86 |  | 
| Enter hero's abilities submenu | 8 |  | 
| Give item / drop item | 9 |  | 
| Remove unit from queue | 1 |  | 
| Right click | 3430 |  | 
| Select / deselect | 709 |  | 
| Select group hotkey | 2481 |  | 
| Use ability | 530 |  | 
                7914 total
 » units 
                
                | Peasant | 20 |  | 
| Sorceress | 1 |  | 
| Dragonhawk Rider | 14 |  | 
                35 total
 » upgrades
                
                | Masonry | 3 |  | 
| Lumber Harvesting | 1 |  | 
| Magic Sentry | 1 |  | 
| Sorceress Training | 1 |  | 
| Cloud | 1 |  | 
| Armor | 3 |  | 
| Swords | 3 |  | 
| Animal War Training | 1 |  | 
                14 total
 » buildings
                
                | Lumber Mill | 1 |  | 
| Farm | 17 |  | 
| Altar of Kings | 1 |  | 
| Scout Tower | 111 |  | 
| Guard Tower | 45 |  | 
| Town Hall | 1 |  | 
| Arcane Vault | 2 |  | 
| Keep | 1 |  | 
| Arcane Sanctum | 1 |  | 
| Castle | 1 |  | 
| Gryphon Aviary | 4 |  | 
| Barracks | 1 |  | 
| Blacksmith | 2 |  | 
| Arcane Tower | 8 |  | 
                196 total
 » build order
                00:07 Lumber Mill
00:19 Farm
00:25 Farm
00:28 Farm
00:35 Altar of Kings
01:45 Scout Tower
01:48 Scout Tower
01:52 Scout Tower
02:00 Farm
02:12 Scout Tower
02:23 Guard Tower
02:30 Guard Tower
02:30 Guard Tower
02:30 Guard Tower
02:32 Scout Tower
02:40 Guard Tower
02:50 Guard Tower
02:53 Scout Tower
02:59 Scout Tower
03:07 Guard Tower
03:07 Guard Tower
03:25 Guard Tower
03:26 Scout Tower
03:42 Guard Tower
03:49 Scout Tower
03:52 Scout Tower
03:54 Guard Tower
03:57 Scout Tower
04:24 Guard Tower
04:24 Guard Tower
04:26 Guard Tower
05:26 Town Hall
05:56 Scout Tower
05:58 Scout Tower
06:05 Scout Tower
06:06 Scout Tower
06:16 Farm
06:17 Farm
06:31 Guard Tower
06:33 Guard Tower
06:46 Arcane Vault
06:49 Arcane Vault
07:31 Guard Tower
07:32 Scout Tower
07:34 Scout Tower
07:35 Scout Tower
07:35 Scout Tower
07:36 Scout Tower
07:44 Keep
08:03 Guard Tower
08:37 Scout Tower
08:38 Scout Tower
08:39 Scout Tower
08:39 Scout Tower
08:40 Scout Tower
08:41 Scout Tower
08:48 Scout Tower
08:49 Scout Tower
08:50 Scout Tower
08:51 Scout Tower
08:52 Scout Tower
08:59 Guard Tower
09:15 Guard Tower
09:34 Guard Tower
09:37 Guard Tower
09:37 Guard Tower
09:58 Guard Tower
10:13 Guard Tower
10:18 Arcane Sanctum
10:41 Castle
10:51 Guard Tower
11:21 Scout Tower
11:31 Scout Tower
11:31 Scout Tower
11:56 Scout Tower
11:57 Scout Tower
11:58 Scout Tower
11:59 Scout Tower
11:59 Scout Tower
12:35 Guard Tower
12:59 Gryphon Aviary
13:18 Barracks
13:20 Blacksmith
13:26 Blacksmith
13:36 Guard Tower
13:39 Guard Tower
13:58 Arcane Tower
14:01 Arcane Tower
14:04 Arcane Tower
14:40 Gryphon Aviary
15:03 Farm
15:05 Farm
15:06 Farm
15:07 Farm
15:08 Farm
16:03 Gryphon Aviary
16:04 Gryphon Aviary
16:57 Farm
16:57 Farm
16:58 Farm
16:58 Farm
17:56 Farm
17:57 Farm
18:24 Scout Tower
18:25 Scout Tower
18:26 Scout Tower
18:31 Scout Tower
18:33 Scout Tower
18:35 Scout Tower
18:39 Scout Tower
18:41 Scout Tower
18:50 Scout Tower
18:51 Scout Tower
18:52 Scout Tower
18:53 Scout Tower
18:59 Scout Tower
19:00 Scout Tower
19:01 Guard Tower
19:15 Guard Tower
19:19 Scout Tower
19:20 Scout Tower
19:20 Scout Tower
19:21 Scout Tower
19:25 Scout Tower
19:26 Guard Tower
19:32 Guard Tower
19:33 Scout Tower
19:34 Scout Tower
19:35 Scout Tower
19:38 Scout Tower
19:38 Scout Tower
19:39 Scout Tower
19:40 Scout Tower
20:24 Guard Tower
20:25 Scout Tower
20:26 Scout Tower
20:27 Scout Tower
20:41 Guard Tower
20:51 Scout Tower
20:52 Scout Tower
20:53 Scout Tower
20:55 Scout Tower
20:55 Scout Tower
20:56 Scout Tower
20:57 Scout Tower
20:57 Scout Tower
20:58 Scout Tower
20:59 Scout Tower
21:01 Scout Tower
21:03 Scout Tower
21:04 Scout Tower
21:04 Scout Tower
21:06 Scout Tower
21:07 Scout Tower
21:07 Scout Tower
21:08 Scout Tower
21:10 Scout Tower
21:12 Scout Tower
21:13 Scout Tower
21:18 Scout Tower
21:19 Scout Tower
21:20 Scout Tower
21:22 Scout Tower
21:23 Scout Tower
21:24 Scout Tower
21:25 Scout Tower
21:26 Scout Tower
21:27 Scout Tower
21:28 Guard Tower
21:46 Guard Tower
22:01 Guard Tower
22:07 Scout Tower
22:18 Guard Tower
23:14 Guard Tower
23:18 Arcane Tower
23:58 Arcane Tower
26:28 Arcane Tower
106:48 Scout Tower
106:49 Scout Tower
106:49 Scout Tower
106:50 Scout Tower
106:50 Scout Tower
106:52 Scout Tower
106:52 Scout Tower
106:52 Scout Tower
106:56 Scout Tower
106:58 Scout Tower
106:59 Scout Tower
107:00 Scout Tower
107:29 Arcane Tower
107:34 Arcane Tower
» items
                
                | Boots of Speed | 1 |  | 
| Mechanical Critter | 11 |  | 
| Scroll of Regeneration | 1 |  | 
| Scroll of Town Portal | 3 |  | 
| Staff of Teleportation | 1 |  | 
| Orb of Lightning | 1 |  | 
| Lesser Clarity Potion | 4 |  | 
| Potion of Mana | 4 |  | 
                26 total
  
               team 2 (loser) 
              
              
Dextrous (
purple | 23 APM | 1665 actions | 71:03)
              
 3 Death Knight 
 2 Death Coil
 1 Unholy Aura
 2 Lich 
 1 Frost Nova
 1 Frost Armor
 
                » actions 
                
                | Assign group hotkey | 1 |  | 
| Basic commands | 62 |  | 
| Build / train | 60 |  | 
| Enter build submenu | 14 |  | 
| Enter hero's abilities submenu | 6 |  | 
| Give item / drop item | 5 |  | 
| Right click | 1000 |  | 
| Select / deselect | 425 |  | 
| Select group hotkey | 4 |  | 
| Use ability | 88 |  | 
                1665 total
 » units 
                
                | Acolyte | 5 |  | 
| Ghoul | 3 |  | 
| Crypt Fiend | 11 |  | 
| Obsidian Statue | 8 |  | 
                27 total
 » upgrades
                
                | Creature Attack | 3 |  | 
| Creature Carapace | 3 |  | 
| Web | 1 |  | 
| Destroyer Form | 1 |  | 
| Unholy Strength | 1 |  | 
                9 total
 » buildings
                
                | Crypt | 1 |  | 
| Graveyard | 1 |  | 
| Altar of Darkness | 1 |  | 
| Ziggurat | 7 |  | 
| Tomb of Relics | 1 |  | 
| Nerubian Tower | 2 |  | 
| Halls of the Dead | 1 |  | 
| Sacrificial Pit | 1 |  | 
| Black Citadel | 1 |  | 
| Slaughterhouse | 2 |  | 
| Spirit Tower | 2 |  | 
                20 total
 » build order
                00:12 Crypt
00:22 Graveyard
00:46 Altar of Darkness
01:03 Ziggurat
02:04 Ziggurat
02:51 Tomb of Relics
03:14 Nerubian Tower
04:40 Halls of the Dead
04:52 Ziggurat
08:07 Sacrificial Pit
08:10 Ziggurat
09:29 Black Citadel
09:31 Slaughterhouse
11:49 Ziggurat
12:28 Ziggurat
14:01 Spirit Tower
14:03 Spirit Tower
20:49 Nerubian Tower
21:51 Slaughterhouse
22:03 Ziggurat
» items
                
                | Dust of Appearance | 2 |  | 
| Rod of Necromancy | 1 |  | 
| Potion of Healing | 3 |  | 
| Scroll of Town Portal | 2 |  | 
| Orb of Corruption | 1 |  | 
| Scroll of Healing | 2 |  | 
                11 total
  
               
              
              
» 
HeroOfTheDay (
pink | 36 APM | 2661 actions | 73:32)
              
 3 Archmage 
 2 Summon Water Elemental
 1 Brilliance Aura
 3 Paladin 
 1 Holy Light
 2 Devotion Aura
 2 Mountain King 
 1 Storm Bolt
 1 Bash
 1 Lich 
 1 Frost Nova
 
                » actions 
                
                | Assign group hotkey | 44 |  | 
| Basic commands | 23 |  | 
| Build / train | 113 |  | 
| Enter build submenu | 57 |  | 
| Enter hero's abilities submenu | 9 |  | 
| Give item / drop item | 4 |  | 
| Remove unit from queue | 5 |  | 
| Right click | 944 |  | 
| Select / deselect | 803 |  | 
| Select group hotkey | 469 |  | 
| Use ability | 190 |  | 
                2661 total
 » units 
                
                | Peasant | 13 |  | 
| Footman | 10 |  | 
| Dragonhawk Rider | 14 |  | 
| Mortar Team | 6 |  | 
| Siege Engine | 4 |  | 
| Gryphon Rider | 2 |  | 
                49 total
 » upgrades
                
                | Masonry | 3 |  | 
| Gunpowder | 3 |  | 
| Swords | 3 |  | 
| Armor | 3 |  | 
| Lumber Harvesting | 1 |  | 
| Cloud | 1 |  | 
| Flare | 1 |  | 
| Fragmentation Shards | 1 |  | 
| Barrage | 1 |  | 
| Storm Hammers | 1 |  | 
                18 total
 » buildings
                
                | Altar of Kings | 1 |  | 
| Barracks | 1 |  | 
| Farm | 14 |  | 
| Scout Tower | 23 |  | 
| Arcane Tower | 5 |  | 
| Keep | 1 |  | 
| Lumber Mill | 1 |  | 
| Blacksmith | 1 |  | 
| Workshop | 4 |  | 
| Gryphon Aviary | 2 |  | 
| Arcane Vault | 1 |  | 
| Town Hall | 1 |  | 
| Guard Tower | 14 |  | 
| Castle | 1 |  | 
                70 total
 » build order
                00:14 Altar of Kings
00:17 Barracks
00:20 Farm
01:01 Farm
01:37 Scout Tower
01:42 Farm
02:12 Arcane Tower
02:19 Farm
04:00 Keep
04:13 Lumber Mill
04:46 Blacksmith
05:07 Farm
05:49 Farm
06:29 Workshop
06:33 Gryphon Aviary
06:40 Gryphon Aviary
07:33 Arcane Vault
07:37 Scout Tower
08:44 Town Hall
08:51 Guard Tower
08:53 Guard Tower
08:57 Scout Tower
09:24 Guard Tower
09:27 Scout Tower
09:31 Scout Tower
10:00 Guard Tower
10:07 Farm
10:10 Guard Tower
10:49 Farm
10:55 Castle
11:29 Farm
12:19 Guard Tower
12:20 Guard Tower
12:26 Farm
13:10 Farm
13:55 Farm
14:41 Farm
15:15 Scout Tower
15:25 Scout Tower
17:07 Arcane Tower
17:09 Scout Tower
18:00 Arcane Tower
18:09 Scout Tower
18:10 Guard Tower
18:34 Workshop
18:40 Workshop
18:42 Workshop
18:48 Guard Tower
21:59 Scout Tower
25:31 Arcane Tower
25:34 Scout Tower
27:26 Arcane Tower
29:19 Scout Tower
29:57 Guard Tower
30:28 Scout Tower
31:08 Guard Tower
31:10 Scout Tower
31:53 Guard Tower
32:04 Scout Tower
32:40 Guard Tower
32:46 Scout Tower
34:24 Guard Tower
50:04 Scout Tower
50:43 Scout Tower
51:01 Scout Tower
51:46 Scout Tower
51:52 Scout Tower
52:19 Scout Tower
52:23 Scout Tower
53:09 Farm
» items
                
                | Ivory Tower | 6 |  | 
| Scroll of Town Portal | 1 |  | 
| Orb of Fire | 1 |  | 
                8 total
  
               
              
              
ULTRAN00B (
orange | 43 APM | 4592 actions | 107:50)
              
 4 Demon Hunter 
 2 Mana Burn
 2 Evasion
 3 Warden 
 2 Shadow Strike
 1 Blink
 1 Death Knight 
 1 Unholy Aura
 1 Archmage 
 1 Brilliance Aura
 1 Paladin 
 1 Holy Light
 
                » actions 
                
                | Basic commands | 35 |  | 
| Build / train | 93 |  | 
| ESC pressed | 1 |  | 
| Enter build submenu | 30 |  | 
| Enter hero's abilities submenu | 10 |  | 
| Give item / drop item | 3 |  | 
| Remove unit from queue | 11 |  | 
| Right click | 3323 |  | 
| Select / deselect | 795 |  | 
| Use ability | 291 |  | 
                4592 total
 » units 
                
                | Wisp | 28 |  | 
| Archer | 1 |  | 
| Huntress | 6 |  | 
| Chimaera | 13 |  | 
| Druid of the Claw | 9 |  | 
| Mountain Giant | 1 |  | 
| Hippogryph | -1 |  | 
                57 total
 » upgrades
                
                | Reinforced Hides | 3 |  | 
| Druid of the Claw Training | 2 |  | 
| Corrosive Breath | 1 |  | 
| Strength of the Wild | 3 |  | 
| Hardened Skin | 1 |  | 
| Resistant Skin | 1 |  | 
                11 total
 » buildings
                
                | Altar of Elders | 1 |  | 
| Moon Well | 8 |  | 
| Ancient of War | 1 |  | 
| Hunter's Hall | 1 |  | 
| Tree of Ages | 1 |  | 
| Ancient of Wonders | 1 |  | 
| Tree of Eternity | 1 |  | 
| Ancient of Lore | 2 |  | 
| Ancient of Wind | 1 |  | 
| Tree of Life | 3 |  | 
| Chimaera Roost | 2 |  | 
| Ancient Protector | 5 |  | 
                27 total
 » build order
                00:09 Altar of Elders
00:15 Moon Well
01:13 Ancient of War
01:21 Moon Well
01:50 Hunter's Hall
02:58 Moon Well
04:10 Tree of Ages
05:15 Ancient of Wonders
05:20 Moon Well
06:45 Tree of Eternity
08:07 Ancient of Lore
08:27 Ancient of Wind
09:01 Ancient of Lore
09:52 Tree of Life
11:15 Chimaera Roost
11:47 Tree of Life
12:09 Ancient Protector
12:28 Ancient Protector
12:45 Ancient Protector
13:46 Chimaera Roost
13:49 Moon Well
13:51 Moon Well
14:36 Moon Well
18:44 Moon Well
33:42 Tree of Life
36:18 Ancient Protector
36:22 Ancient Protector
 
                Chat log
          (00:39 / Allies) RiemannsSum: wisp at tavern!
(00:43 / Allies) Huntling: i knowi know
(02:45 / Allies) RiemannsSum: ew
(03:20 / Allies) RiemannsSum: dk
(04:59 / Allies) Huntling: int tome
(04:59 / Allies) Huntling: mine
(05:13 / Allies) RiemannsSum: LIL LUM
(05:16 / Allies) RiemannsSum: oops caps
(06:24 / All) Dextrous: screw you i dont wanna play for an hour jerks
(06:35 / All) joeundhorse.de: 2ez
(06:53 / Allies) Huntling: dk
(07:09 / Allies) Huntling: am
(08:08 / Allies) Huntling: oops lol
(08:30 / Allies) joeundhorse.de: lum
(08:50 / Allies) Huntling: more towers eric
(09:03 / Allies) RiemannsSum: lumb?
(10:07 / Allies) RiemannsSum: haha
(10:08 / Allies) RiemannsSum: damn
(10:10 / Allies) RiemannsSum: lum?
(10:36 / Allies) Huntling: creep danny
(10:39 / Allies) RiemannsSum: ya
(11:27 / Allies) Huntling: yours danny
(12:03 / Allies) Huntling: ppuuurge
(12:04 / Allies) Huntling: nooo
(12:08 / Allies) RiemannsSum: larry
(12:09 / Allies) RiemannsSum: yours
(12:20 / Allies) Huntling: shade
(12:38 / Allies) RiemannsSum: lum?
(14:35 / Allies) Huntling: dhawks
(15:06 / Allies) Huntling:  O GOD
(15:09 / Allies) Huntling: that was excessive
(15:17 / Allies) RiemannsSum: lum?
(15:48 / Allies) RiemannsSum: tth it larry
(17:05 / Allies) RiemannsSum: lum?
(17:41 / Allies) Huntling: perch is goo w/e
(17:41 / Allies) RiemannsSum: k
(18:59 / All) Dextrous: dumfucks got nothing better to do all day than highperch
(19:08 / Allies) Huntling: god, they know what perching is
(19:40 / Allies) Huntling: wipssasination hawk
(20:30 / Allies) RiemannsSum: lumber
(21:03 / Allies) Huntling: mine's gone
(21:30 / Allies) RiemannsSum: lumber
(22:06 / Allies) Huntling: mountain giants
(22:09 / Allies) RiemannsSum: hahaha
(22:34 / Allies) RiemannsSum: mas lumber
(22:38 / Allies) RiemannsSum: I am a lumber machines
(23:05 / Allies) Huntling: nice
(23:25 / Allies) joeundhorse.de: well on perch for mana?
(23:27 / Allies) Huntling: awwww
(23:46 / Allies) Huntling: omg mortars
(24:32 / Allies) RiemannsSum: retreat air
(24:34 / Allies) RiemannsSum: maybe
(25:50 / Allies) Huntling: going into upkeep
(25:52 / Allies) RiemannsSum: same
(25:56 / Allies) RiemannsSum: bases about to die : (
(26:20 / Allies) Huntling: moe those peasants
(26:26 / Allies) Huntling: so i cna plant my tree and get some wisps
(28:45 / Allies) RiemannsSum: deto wisps?
(29:26 / Allies) Huntling: hey i can mine lumber up here
(29:29 / Allies) RiemannsSum: yup!
(29:42 / Allies) RiemannsSum: 6 arcane towers
(29:45 / Allies) RiemannsSum: numerous critters
(29:47 / Allies) RiemannsSum: we are SET
(29:57 / Allies) Huntling: 2 control groups of talons
(30:00 / Allies) Huntling: man i shoulda went to upkeep earlier
(30:02 / Allies) Huntling: woud have had 3
(30:09 / Allies) RiemannsSum: how muc gold you have?
(30:13 / Allies) Huntling: 11k
(30:14 / Allies) RiemannsSum: only 1/3 k left in their mines
(30:43 / Allies) Huntling: lol
(30:52 / Allies) Huntling: what the
(31:03 / Allies) RiemannsSum: kill with hawk
(31:22 / Allies) Huntling: hawk dead =(
(31:25 / Allies) RiemannsSum: they're tower pushing it
(31:30 / Allies) Huntling: oh my god
(31:31 / Allies) RiemannsSum: run
(31:39 / Allies) RiemannsSum: no shade
(31:40 / Allies) RiemannsSum: on his army
(31:48 / Allies) Huntling: 150 gold
(31:49 / Allies) Huntling: noooo
(31:51 / Allies) Huntling: 100
(32:04 / Allies) Huntling: 40 gold
(32:05 / Allies) Huntling: damn
(32:13 / Allies) RiemannsSum: we got 14k between us
(32:17 / Allies) Huntling: 12k
(32:17 / Allies) RiemannsSum: a new record high I think
(32:18 / Allies) Huntling: woot
(32:22 / Allies) RiemannsSum: I have almost 2k
(32:34 / All) Dextrous: so now u just wanna sit around 
(32:46 / Allies) Huntling: i have a hunt hall
(32:47 / Allies) Huntling: look at that
(32:51 / All) RiemannsSum: We have a hunt hall still
(32:53 / All) RiemannsSum: You need to find that
(32:56 / Allies) joeundhorse.de: sorca
(32:58 / Allies) Huntling: NICE
(33:01 / All) RiemannsSum: And I hid some farms
(33:06 / All) RiemannsSum: you might want to look for those
(33:11 / All) RiemannsSum: One's near orange's base!
(33:15 / All) RiemannsSum: You'll never find that one
(33:23 / Allies) Huntling: god, we're se
(33:24 / Allies) Huntling: set
(33:28 / Allies) RiemannsSum: yeaaaah
(33:33 / Allies) Huntling: hey danny
(33:37 / Allies) RiemannsSum: spirit hawk that
(33:39 / Allies) Huntling: did you know lvl 3 quillbeast does AoE dmg?
(33:43 / Allies) RiemannsSum: oh jesus
(33:48 / Allies) Huntling: yea
(33:56 / Allies) Huntling: does "area effect dmg"
(33:59 / Allies) RiemannsSum: spirit hawk kill the arcanes
(34:07 / Allies) RiemannsSum: the reveal will suck later for erik
(34:10 / Allies) Huntling: they found it
(34:17 / Allies) Huntling: awwww
(34:20 / All) RiemannsSum: One hunt hall down, 7 farms to go
(34:36 / Allies) Huntling: lol eric
(34:52 / Allies) Huntling: watch it
(35:24 / Allies) Huntling: wtf eric
(35:25 / Allies) Huntling: fail
(35:46 / Allies) Huntling: lopl
(36:24 / Allies) RiemannsSum: any pig you can't control, kill
(36:26 / Allies) Huntling: how much gold was left in your expo?
(36:29 / Allies) RiemannsSum: they have a human too
(36:31 / Allies) RiemannsSum: 1k
(36:36 / Allies) RiemannsSum: 700 net gain for them
(36:40 / Allies) RiemannsSum: less if they're in upkeep
(36:42 / Allies) RiemannsSum: which they are
(36:44 / Allies) Huntling: i bet they were
(36:47 / Allies) RiemannsSum: sp they might break even
(37:09 / Allies) RiemannsSum: check for shades
(37:21 / Allies) Huntling: o god
(37:24 / Allies) Huntling: they're campingi t
(37:26 / Allies) RiemannsSum: THEY FOUND US
(37:36 / All) Huntling: OMG YOU FOUND US
(37:39 / Allies) Huntling: TANK
(37:46 / Allies) Huntling: they got tanks
(37:49 / All) RiemannsSum: How's the low ground treating you?>
(37:55 / Allies) Huntling: peasants
(37:59 / All) Dextrous: kiss my ass lamer
(38:49 / Allies) Huntling: nice
(39:00 / Allies) Huntling: watch the fiends
(39:12 / Allies) Huntling: talons have nice range
(39:13 / Allies) Huntling: jeez
(39:19 / Allies) Huntling: what's dhawk range?
(39:25 / Allies) RiemannsSum: 300
(39:26 / Allies) Huntling: talons have 600 range
(39:28 / Allies) RiemannsSum: nice
(39:29 / Allies) RiemannsSum: double
(39:31 / Allies) Huntling: yea
(39:46 / All) RiemannsSum: gg
(40:16 / Allies) Huntling: uh oh
(40:16 / Allies) RiemannsSum: ...?
(40:30 / Allies) Huntling: i see
(41:35 / Allies) Huntling: nice
(41:40 / All) RiemannsSum: ps gryphons suck
(42:13 / Allies) Huntling: where are all the pigs?
(42:19 / Allies) Huntling: how many do we have?
(42:19 / Allies) RiemannsSum: dunno
(42:20 / Allies) RiemannsSum: look around
(42:25 / All) Dextrous: people like u should be taken out and shot
(42:37 / All) Dextrous: cant win a real game
(42:38 / All) joeundhorse.de: angry?
(42:38 / Allies) Huntling: i'll brb then
(42:41 / Allies) Huntling: studying
(42:45 / All) RiemannsSum: You never did kill that huntress hall down there, you know
(42:48 / All) Dextrous: so u wanna waste our time while u all have buttsex
(42:53 / All) RiemannsSum: It's still sitting there. Chilling.
(42:53 / All) joeundhorse.de: 2ez
(42:57 / All) RiemannsSum: Mocking you
(43:06 / All) RiemannsSum: "Herro, imma a huntreesss hall"
(43:09 / All) RiemannsSum: You never kill me
(43:19 / All) RiemannsSum: Come on, kill it
(43:21 / All) RiemannsSum: I dare ya.
(43:33 / All) RiemannsSum: It will make me so happy
(43:36 / All) ULTRAN00B: i dare you to play like a man
(43:43 / All) ULTRAN00B: come attack us on battfield
(43:47 / All) RiemannsSum: 1v1 after this? I'd love to see how great you are then
(43:56 / All) RiemannsSum: Oh purple! Thank you ever so much!
(43:57 / All) Dextrous: fine
(44:03 / All) RiemannsSum: I was really bothered by that huntress hall
(44:07 / All) RiemannsSum: They're ever so ugly
(44:07 / Allies) Huntling: noooo
(44:31 / All) Huntling: you know
(44:37 / All) Huntling: I think, the funniest thing about this game is that
(44:45 / All) Huntling: You guys know what perching is, and yet did nothing to counter it
(44:55 / Allies) Huntling: what hit us?
(45:02 / Allies) RiemannsSum: cgim
(45:03 / Allies) RiemannsSum: chim
(45:37 / Allies) Huntling: FOUDN A SHADE
(45:49 / Allies) Huntling: noooo
(45:53 / Allies) Huntling: dammi
(46:06 / Allies) Huntling: awww
(46:09 / Allies) Huntling: fiends
(46:10 / Allies) RiemannsSum: fucking fiends
(47:26 / Allies) Huntling: talons have ridiculous range
(47:29 / Allies) RiemannsSum: yeah
(47:32 / Allies) RiemannsSum: broken shit ><
(47:36 / Allies) Huntling: outranges FIENDS
(47:55 / Allies) Huntling: THEY GOT A TOWER GUYS
(48:04 / All) RiemannsSum: OH SHIT JUST 400 MORE TO GO GUYS
(48:11 / All) RiemannsSum: you got this. I'm rooting for you
(48:19 / Allies) Huntling: lvl 6 BM gogogog
(48:36 / All) Huntling: thx for the lvl 6 guyz
(48:43 / All) RiemannsSum: me next please?
(48:46 / All) RiemannsSum: I'm so close
(49:24 / All) RiemannsSum: You can eat those you know
(49:31 / All) Dextrous: shut up noob
(49:50 / Allies) Huntling: god hawk is so nice
(49:56 / Allies) RiemannsSum: more peasants running down
(50:02 / Allies) Huntling: i'll get them
(50:16 / All) Dextrous: perch a talon
(50:23 / Allies) Huntling: gogo hawk
(51:11 / Allies) joeundhorse.de: build another well larry
(51:14 / Allies) joeundhorse.de: I like the mana
(51:17 / Allies) RiemannsSum: hahaha
(51:20 / Allies) Huntling: ok i'll get it
(51:29 / Allies) joeundhorse.de: free wisp killz
(51:33 / Allies) joeundhorse.de: btw
(51:35 / Allies) RiemannsSum: shade
(51:37 / Allies) RiemannsSum: shade
(51:48 / Allies) Huntling: where's the shade?
(51:54 / Allies) RiemannsSum: oops
(51:55 / Allies) RiemannsSum: not there
(51:57 / Allies) RiemannsSum: here
(52:04 / Allies) Huntling: o ya i saw it
(52:22 / All) Dextrous: u got nothin eh?
(52:44 / Allies) RiemannsSum: get the shade?
(52:48 / Allies) Huntling: no not yet
(52:50 / Allies) RiemannsSum: k
(52:58 / Allies) Huntling: shades are hard to kill
(53:17 / All) Dextrous: u people make me sick
(53:18 / Allies) Huntling: statue =(
(53:24 / All) Dextrous: grow up its just a game
(53:30 / Allies) Huntling: ruuuun
(53:33 / All) Huntling: uh
(53:37 / All) Huntling: you're the one who's whining, good sir
(53:44 / All) Huntling: We're having lots of fun, FYI
(53:55 / All) RiemannsSum: We're just enjoying a good day up on the ole perch
(54:00 / All) RiemannsSum: Where its sunny 24 7
(54:03 / All) Dextrous: take a fun game and make it garbage
(54:05 / All) RiemannsSum: and steaks grow on the trees
(54:20 / All) RiemannsSum: Want to know something funny, purple?
(54:27 / All) RiemannsSum: It's always the undead player that complains
(54:30 / All) RiemannsSum: We've discovered that
(54:35 / All) RiemannsSum: After years of playing this game
(54:40 / All) RiemannsSum: The undead is always the whiner
(54:44 / All) RiemannsSum: Welcome to your niche.
(55:01 / Allies) Huntling: god shades run fast
(55:04 / Allies) Huntling: daaaammit
(55:13 / Allies) Huntling: watch it danny
(55:21 / Allies) RiemannsSum: I want it so bad though
(55:26 / Allies) Huntling: i'll look for it
(55:28 / Allies) RiemannsSum: (i have a port
(55:29 / Allies) RiemannsSum: )
(56:06 / Allies) RiemannsSum: larry take care of perch sec
(56:10 / Allies) RiemannsSum: imma kill some towers for xp
(56:13 / Allies) Huntling: k
(56:51 / Allies) Huntling: they towered it
(56:56 / Allies) RiemannsSum: last hit
(57:07 / Allies) Huntling: GOT IT
(57:12 / All) Huntling: thx for the mortar guyz
(57:12 / All) RiemannsSum: thanks for the xp
(57:17 / All) Huntling: kind of you to dmg it for me
(57:20 / All) Dextrous: shut up fags
(57:28 / All) RiemannsSum: Ever the undead player, aren't we?
(57:38 / All) joeundhorse.de: angry?
(57:39 / Allies) Huntling: god i wish i can summon the quillbeasts down there
(57:42 / Allies) RiemannsSum: hahaha
(57:45 / Allies) RiemannsSum: retrain to blink bear
(57:54 / Allies) Huntling: good idea
(57:59 / All) Dextrous: not the 's'
(58:05 / All) Huntling: I think
(58:11 / All) Huntling: It's better to have fun while playing games, don't you?
(58:23 / All) Dextrous: i think youre sado masochists
(58:29 / All) Dextrous: and should seek help
(58:36 / All) RiemannsSum: I think you need to look in a dictionary sir
(58:48 / All) Dextrous: u dont know what it means?
(59:00 / All) RiemannsSum: One of sure doesn't.
(59:03 / All) RiemannsSum: And it's not me.
(59:15 / All) Dextrous: explain then
(59:23 / All) Dextrous: ultra u in upkeep?
(59:34 / All) Huntling: It's a person who enjoys inflicting pain upon themselves, silly
(59:40 / Allies) Huntling: watch it
(59:42 / All) Dextrous: themselves and others
(59:44 / Allies) Huntling: i didn't get rid of the shade
(59:45 / All) Dextrous: so yes
(59:46 / All) RiemannsSum: Are playing a game
(60:01 / All) Dextrous: youre not playing shit
(60:03 / Allies) RiemannsSum: shade
(60:06 / Allies) Huntling: nooo hawk
(60:10 / Allies) RiemannsSum: haha
(60:17 / All) RiemannsSum: merde
(60:20 / All) RiemannsSum: such manners
(60:21 / Allies) Huntling: daaaammit
(60:24 / Allies) Huntling: stupid web
(60:32 / Allies) Huntling: i should hit and run the stats
(60:34 / Allies) Huntling: just so
(60:38 / Allies) RiemannsSum: hahaha
(60:38 / Allies) RiemannsSum: ya
(60:44 / Allies) Huntling: it's the one thing that doesn't heal
(60:47 / Allies) RiemannsSum: imma assassinate that shade is a sec
(60:49 / Allies) RiemannsSum: when I do
(60:53 / Allies) RiemannsSum: run interference with bm
(60:57 / Allies) RiemannsSum: erik bs shade pit?
(61:40 / Allies) Huntling: you think i should get a shop up here?
(61:45 / Allies) RiemannsSum: hm
(61:46 / Allies) RiemannsSum: why not!
(61:52 / Allies) RiemannsSum: k imma assassinate in a sec
(62:00 / Allies) RiemannsSum: once staff is up
(62:23 / Allies) Huntling: teching then
(62:25 / Allies) RiemannsSum: k
(62:38 / Allies) Huntling: just use it for ports tho
(62:44 / Allies) Huntling: gotta save money
(62:57 / Allies) RiemannsSum: killing shade
(63:04 / Allies) RiemannsSum: or not
(63:15 / Allies) RiemannsSum: too dangerous
(63:18 / Allies) Huntling: don't try
(63:21 / Allies) RiemannsSum: yeah
(63:25 / Allies) RiemannsSum: if it was on the edge
(63:36 / Allies) Huntling: hey guys
(63:37 / Allies) Huntling: next time
(63:40 / Allies) Huntling: we should perch left side
(63:50 / Allies) Huntling: so they'll camp left side
(63:53 / Allies) Huntling: and we'll have shop open
(64:46 / Allies) Huntling: gosh, so close to six
(64:57 / Allies) Huntling: wel, i got port in my shop
(65:00 / Allies) RiemannsSum: k
(65:01 / Allies) RiemannsSum: coo
(65:06 / Allies) Huntling: so don't be afraid to use tps
(65:36 / Allies) Huntling: repair!
(66:05 / Allies) Huntling: just those w
(66:25 / Allies) Huntling: watch it
(67:04 / Allies) Huntling: o god eric
(67:22 / Allies) Huntling: awww
(67:29 / All) HeroOfTheDay: what happened to the bm mate?
(67:42 / All) RiemannsSum: Sigh, THESE KIDS
(67:50 / All) RiemannsSum: How can I teach these kids
(67:52 / Allies) Huntling: eriiiiiiic
(68:10 / Allies) Huntling: need gold/wood eric?
(68:15 / Allies) joeundhorse.de: naw
(68:21 / Allies) Huntling: cool i still got 11k
(68:27 / Allies) Huntling: get a port next time lol
(68:46 / All) Dextrous: u call this playing a game?
(68:53 / All) RiemannsSum: You still sore about losing?
(68:55 / All) Huntling: it's called having fun
(68:56 / All) Dextrous: get help u guys im serious
(69:06 / All) Dextrous: this is a sign of personality disorder
(69:08 / All) Huntling: cool, we're serious too about having fun
(69:20 / All) RiemannsSum: Herr doktor, what is our malady?
(70:51 / Allies) Huntling: NICE
(71:04 / Allies) Huntling: SIX
(71:06 / All) Huntling: SIX GUYZ
(71:13 / All) RiemannsSum: Oh man. Herr doktor's gone
(71:17 / All) Huntling: I GOT LIZARDS
(71:18 / All) RiemannsSum: Who will treat your wounds now?
(71:24 / Allies) RiemannsSum: larry give erik some gold
(71:33 / Allies) Huntling: enough?
(72:11 / Allies) Huntling: i'm lizared those towers
(72:14 / Allies) RiemannsSum: k
(72:44 / Allies) joeundhorse.de: can I get like 200 gold?
(73:02 / Allies) Huntling: LIZAAARDS
(73:11 / Allies) RiemannsSum: warden inc
(73:17 / Allies) Huntling: RUNNING
(73:36 / All) Huntling: bye
(73:41 / All) RiemannsSum: gl hf
(73:42 / All) joeundhorse.de: how does it feel to lose a 2hr game?
(73:48 / All) Huntling: so uh, who wanted to 1v1?
(74:02 / All) ULTRAN00B: Dex does
(74:05 / All) ULTRAN00B: and im not leaving
(74:06 / All) Huntling: oh
(74:08 / All) Huntling: okay
(74:15 / All) ULTRAN00B: im just as lame as you guys
(74:25 / All) Huntling: I bet you are, only you suck
(74:26 / All) RiemannsSum: Too bad you're not as good
(74:31 / Allies) Huntling: *high five*
(74:35 / All) ULTRAN00B: u wish
(74:35 / Allies) RiemannsSum: high five
(74:47 / Allies) joeundhorse.de: can I get some gold for a port?
(74:48 / All) RiemannsSum: You want to 1v1 too? There's enough love for everyone
(75:01 / All) ULTRAN00B: i dont solo fags
(75:07 / All) RiemannsSum: Oh hey you're fucked now, the blademaster's back!
(75:14 / All) Huntling: cuz you get fucked by fags, huh?
(75:19 / All) Huntling: i knew you were one too
(75:21 / All) RiemannsSum: A fine difference.
(75:42 / Allies) Huntling: i'm retraining to blind bear
(75:46 / Allies) RiemannsSum: awesome
(76:00 / Allies) joeundhorse.de: they vomming
(76:14 / Allies) Huntling: aw
(76:16 / Allies) Huntling: lvl 4
(76:27 / Allies) Huntling: look at that lol
(76:54 / Allies) Huntling: they moving
(77:25 / Allies) Huntling: god dammit blink bear is fat
(77:26 / Allies) RiemannsSum: larryt
(77:30 / Allies) RiemannsSum: get your hawk
(77:32 / Allies) RiemannsSum: to the shade
(77:35 / Allies) RiemannsSum: erik gonna kill it
(78:06 / Allies) Huntling: nicd
(78:09 / Allies) RiemannsSum: awesome
(78:14 / Allies) Huntling: god dammit blink bear
(78:16 / Allies) RiemannsSum: gogo bear
(78:18 / Allies) RiemannsSum: takes too long
(78:19 / Allies) RiemannsSum: so sad
(78:21 / Allies) RiemannsSum: oh well
(78:27 / Allies) RiemannsSum: bash will be nice for hero fights
(78:46 / Allies) Huntling: woot
(78:54 / Allies) Huntling: gogo bear
(79:34 / Allies) Huntling: no mor shades
(79:43 / Allies) Huntling: BEEEAR
(79:44 / All) RiemannsSum: So close man
(79:45 / Allies) Huntling: NOOOO
(79:47 / All) RiemannsSum: Keep up with it
(79:54 / All) RiemannsSum: One day you'll catch one of us again
(80:24 / All) ULTRAN00B: dont worryu
(80:28 / Allies) Huntling: gogo bear
(80:29 / All) ULTRAN00B: ill make you earn the win
(80:35 / All) Huntling: o we earned it already
(80:47 / All) ULTRAN00B: u still have another good 3 hours
(80:50 / All) RiemannsSum: I don't think you fully comprehend
(80:54 / All) RiemannsSum: We do this every day
(80:57 / All) RiemannsSum: We play 34 hour games
(81:01 / All) ULTRAN00B: so you play 1 game
(81:03 / All) RiemannsSum: A 3 hour game doesn't make us sad
(81:08 / All) Huntling: nope
(81:11 / All) RiemannsSum: A 3 hour game is a relaxing jaunt.
(81:18 / Allies) Huntling: lol
(81:41 / Allies) Huntling: damn you bear
(81:44 / Allies) Huntling: blin farther
(81:49 / Allies) RiemannsSum: wanna fight heros?
(82:00 / Allies) Huntling: wait
(82:02 / Allies) RiemannsSum: larry come
(82:05 / Allies) Huntling: i'm comign
(82:11 / Allies) RiemannsSum: mk first
(82:14 / Allies) Huntling: 2 blink bears
(82:19 / Allies) Huntling: what first
(82:23 / Allies) RiemannsSum: mk
(82:34 / Allies) Huntling: porting
(83:00 / Allies) Huntling: BASH
(83:02 / Allies) RiemannsSum: TRANSMUTE
(83:38 / All) RiemannsSum: Free gold time
(84:01 / All) RiemannsSum: thank you
(85:03 / Allies) RiemannsSum: larry want to build moon wells on the grounfd
(85:06 / Allies) RiemannsSum: for heals?
(85:09 / Allies) RiemannsSum: hmm
(85:10 / Allies) RiemannsSum: how though...
(85:13 / Allies) Huntling: how'll i get wisps dowN/
(85:15 / Allies) Huntling: ?
(85:21 / Allies) RiemannsSum: that is an interesting question
(85:36 / Allies) RiemannsSum: oh well
(85:42 / Allies) RiemannsSum: I'll just by clarities at your shop
(85:45 / Allies) RiemannsSum: buy
(85:58 / Allies) Huntling: hmm, should hid wisps
(86:13 / All) RiemannsSum: oo, 240 gold for a destro
(86:14 / All) RiemannsSum: awesome
(87:13 / All) Huntling: I say, your name fits you really well
(87:17 / All) Huntling: Ultranoob.  
(87:27 / All) RiemannsSum: The zeroes are a nice touch too
(87:39 / All) RiemannsSum: Show that you aren't mature enough for real letters, or fast enough to claim the real name
(87:58 / All) ULTRAN00B: it was a joke dumbass
(88:05 / All) RiemannsSum: And yet it is so apt
(88:12 / All) Huntling: it certainly is
(88:28 / All) ULTRAN00B: i was fast enough for the real name btw
(88:36 / All) RiemannsSum: Thank you for the 240 gold again
(88:43 / All) RiemannsSum: You're making me a rich, rich man
(88:56 / All) ULTRAN00B: good, now you can go buy some tampons
(89:15 / All) RiemannsSum: Oh shit?
(90:01 / All) RiemannsSum: So let me get this straight. You are staying in this game. You aren't fighting back. You aren't afk, since you're responding...
(90:07 / All) RiemannsSum: What are you doing exactly
(90:18 / All) joeundhorse.de: 1. losing buildings
(90:19 / All) Huntling: sucking
(90:21 / All) ULTRAN00B: none of your business
(90:26 / All) RiemannsSum: OH SHIT GUYS HE'S SUMMONING WATER ELEMENTALS
(90:28 / All) joeundhorse.de: 2. losing bases
(90:33 / All) joeundhorse.de: 3. Losing heros
(90:38 / All) Huntling: OH NOES NOT WATER ELEMENTALS
(90:41 / All) Huntling: MY BEAR SHIVERS IN FEAR
(90:44 / All) RiemannsSum: Here comes the money machine again
(90:53 / All) RiemannsSum: yumyumyum
(91:20 / Allies) Huntling: danny, bringing mana pots to you
(91:22 / Allies) RiemannsSum: awesome
(91:30 / Allies) Huntling: gogogo
(91:48 / Allies) RiemannsSum: pick stuff off
(91:53 / Allies) RiemannsSum: with summon etc
(91:55 / Allies) RiemannsSum: bait them out
(92:10 / Allies) RiemannsSum: haha hold position
(92:33 / Allies) Huntling: aww it died
(92:37 / All) RiemannsSum: yumyumyum
(92:38 / Allies) Huntling: i totally blinked too
(92:40 / Allies) RiemannsSum: awww
(93:33 / Allies) Huntling: haha
(93:41 / All) RiemannsSum: whoa that's a lot of money
(93:48 / All) Huntling: yup yup
(93:52 / All) RiemannsSum: You're like my own personal gold mine
(94:07 / Allies) Huntling: they have truesite?
(94:11 / Allies) RiemannsSum: no
(94:13 / Allies) RiemannsSum: erik is fine
(94:21 / Allies) Huntling: my hawk must have accidently attcked
(94:26 / Allies) RiemannsSum: yeah
(94:32 / Allies) Huntling: shit i need lizard
(94:36 / Allies) RiemannsSum: hahah
(94:38 / Allies) RiemannsSum: retrain
(94:41 / Allies) RiemannsSum: I got infinite money
(94:43 / Allies) Huntling: ya i guess
(95:33 / Allies) Huntling: woot
(95:35 / Allies) RiemannsSum: hahahaha
(95:46 / Allies) Huntling: portinig up for more
(96:18 / Allies) RiemannsSum: llooook at that
(96:28 / Allies) Huntling: looool
(96:38 / Allies) Huntling: hide pig
(96:42 / All) RiemannsSum: The great escape fails
(97:16 / Allies) Huntling: god the lizards take so long to recharge
(97:19 / Allies) RiemannsSum: awww
(97:20 / Allies) RiemannsSum: 2 min?
(97:35 / Allies) Huntling: dunno, it's 3/4 recharged
(97:50 / Allies) Huntling: chims
(98:25 / Allies) Huntling: runn
(98:30 / Allies) Huntling: oh wf
(98:36 / Allies) Huntling: this is the third time my summons gave them a lvl
(98:39 / Allies) Huntling: maaan
(98:41 / Allies) RiemannsSum: awww
(98:45 / Allies) RiemannsSum: what level?
(98:48 / Allies) Huntling: dunno, didn't see
(98:52 / Allies) RiemannsSum: what hero?
(99:03 / Allies) Huntling: pala
(99:05 / Allies) RiemannsSum: k
(99:19 / Allies) Huntling: ho,
(99:22 / Allies) Huntling: why do you have a spirit walker?
(100:00 / Allies) Huntling: lizards up
(100:09 / Allies) RiemannsSum: lets lizstorm
(100:14 / Allies) RiemannsSum: lizstormmute
(100:15 / Allies) joeundhorse.de: lizard blade?
(100:15 / Allies) RiemannsSum: f u
(100:58 / Allies) Huntling: retreaaat
(101:06 / Allies) Huntling: nice
(101:19 / Allies) Huntling: oh wtf how did they web it
(101:26 / Allies) RiemannsSum: ud hax
(101:59 / Allies) Huntling: 40 gold
(102:00 / Allies) Huntling: woot
(102:03 / Allies) Huntling: goog mine is bm
(102:41 / Allies) Huntling: gogo danny
(102:45 / Allies) Huntling: i got a pot for the alchy
(102:50 / Allies) RiemannsSum: I got two : )
(102:57 / Allies) Huntling: use one i'll give you one =D
(103:00 / Allies) RiemannsSum: haha
(103:55 / Allies) RiemannsSum: oo liz
(104:14 / Allies) Huntling: lizards up
(104:14 / Allies) RiemannsSum: all fiends eated
(104:16 / Allies) Huntling: eric
(104:18 / Allies) RiemannsSum: bs up?
(104:21 / Allies) joeundhorse.de: I;'m commmning down wait
(104:31 / Allies) Huntling: eric you tank this time
(104:32 / Allies) Huntling: i got no hp
(104:33 / Allies) joeundhorse.de: got 2 mana pots for you fuys
(105:06 / Allies) Huntling: SICK
(105:25 / Allies) Huntling: eriiic where are you
(106:33 / Allies) Huntling: loool
(106:46 / Allies) RiemannsSum: builsing more arcanes
(106:53 / Allies) RiemannsSum: lum